 Dungeon Crawl Stone Soup version 0.28-a0-1504-g839a4452db (webtiles) character file.

Game seed: 3062470571588036552

160 Cheeritup the Skirmisher (level 5, -5/43 HPs)
             Began as a Formicid Fighter on Jan 13, 2022.
             Was a Believer of Zin.
             Killed by nerve-wracking pain
             ... invoked by an orc priest
              (6 damage)
             ... on level 4 of the Dungeon.
             The game lasted 00:06:47 (3065 turns).

Cheeritup the Skirmisher (Formicid Fighter)         Turns: 3065, Time: 00:06:48

Health: -5/43      AC: 10    Str: 21    XL:     5   Next: 69%
Magic:  6/6        EV:  9    Int:  7    God:    Zin [**....]
Gold:   71         SH:  5    Dex: 12    Spells: 4/4 levels left

rFire   . . .      SeeInvis +   a - +0 quarterstaff
rCold   . . .      Faith    .   c - +0 buckler
rNeg    . . .      Spirit   .   b - +0 scale mail
rPois   +          Reflect  .   (helmet unavailable)
rElec   .          Harm     .   (no cloak)
rCorr   .          Rampage  .   (no gloves)
Will    .....                   (no boots)
Stlth   ..........              j - amulet of the acrobat
HPRegen 0.14/turn               m - ring of poison resistance
MPRegen 0.10/turn               g - +4 ring of protection

@: no status effects
A: permanent stasis, dig shafts and tunnels, antennae 3, four strong arms
a: Dig, Shaft Self, Renounce Religion, Recite, Vitalisation, Donate Gold


You were on level 4 of the Dungeon.
You worshipped Zin.
Zin was pleased with you.
You visited 1 branch of the dungeon, and saw 4 of its levels.

You collected 113 gold pieces.
You donated 42 gold pieces to Zin.

Inventory:

Hand Weapons
 a - a +0 quarterstaff (weapon)
Armour
 b - a +0 scale mail (worn)
 c - a +0 buckler (worn)
Jewellery
 g - a +4 ring of protection (right hand)
 j - an amulet of the acrobat (around neck)
 m - a ring of poison resistance (left hand)
Scrolls
 f - 3 scrolls of teleportation
Potions
 d - a potion of might
 h - a potion of heal wounds {unknown}
 i - 3 potions of mutation
 l - 2 potions of flight {unknown}


   Skills:
 * Level 4.7 Fighting
 * Level 3.5 Staves
 - Level 3.2 Armour
 + Level 4.5 Shields
 + Level 1.3 Invocations


You had 4 spell levels left.
You didn't know any spells.
Your spell library was empty.

Dungeon Overview and Level Annotations

Branches:
Dungeon (4/15)
 Temple: D:4-7

Altars:
Zin

Shops:
D:2 (


Innate Abilities, Weirdness & Mutations

You cannot be hasted, slowed, berserked, paralysed or teleported.
You can dig through walls and to a lower floor.
You have a pair of large antennae on your head. (SInv)
Your four strong arms can wield two-handed weapons with a shield.


Message History

You hit the orc.
The orc is severely wounded.
The orc barely misses you.
You closely miss the orc.
The orc is severely wounded.
The orc barely misses you.
You hit the orc.
You kill the orc!
You start resting.
HP restored.
You climb downwards.
The orc priest hits you with a +0 war axe!
There is a stone staircase leading up here.
You barely miss the orc priest.
The orc priest mumbles some strange prayers to Beogh against you.
You struggle to resist.
The orc priest misses you. You block the orc's attack.
You hit the orc priest but do no damage.
The orc priest hits you but does no damage.
The orc hits you but does no damage.
You barely miss the orc priest.
The orc priest invokes the aid of Beogh against you.
Beogh smites you! The orc hits you with a +0 flail.
You are too injured to fight recklessly!
You are too injured to fight recklessly!
You are too injured to fight recklessly!
You hit the orc priest.
The orc priest is moderately wounded.
The orc priest hits you with a +0 war axe.
The orc hits you with a +0 flail.
You sock the orc priest!
The orc priest is almost dead.
The orc priest calls down the wrath of Beogh upon you.
Pain shoots through your body!
* * * LOW HITPOINT WARNING * * *
You block the orc's attack.
You hit the orc priest but do no damage.
The orc priest is almost dead.
The orc priest invokes the aid of Beogh against you.
Pain shoots through your body!
You die...

#############
.......#o@..#
.......)o...#
)>.....#....#
.......#....#
####...####.#
#+## .# ..
... ...


You could see an orc priest and an orc.

Vanquished Creatures
  Jessica (D:3)
  Robin (D:3)
  4 adders
  A shadow imp (D:3)
  A worm (D:2)
  A dart slug (D:1)
  6 orcs
  5 endoplasms
  9 goblins
  2 hobgoblins (D:1)
  5 jackals
  7 kobolds
  5 quokkas
  3 ball pythons
  7 bats
  4 frilled lizards
  5 rats
67 creatures vanquished.

Notes
Turn   | Place    | Note
-------+----------+-------------------------------------------
     0 | D:1      | Cheeritup the Formicid Fighter began the quest for the Orb.
     0 | D:1      | Reached XP level 1. HP: 18/18 MP: 1/1
     4 | D:1      | Found a faded altar of an unknown god.
    14 | D:1      | Prayed at the altar of an unknown god.
    14 | D:1      | Became a worshipper of Zin the Law-Giver
    14 | D:1      | Reached * piety under Zin
   246 | D:1      | Reached XP level 2. HP: 22/24 MP: 2/2
   554 | D:1      | Reached XP level 3. HP: 27/30 MP: 3/3
  1507 | D:2      | Donated 31 gold pieces to Zin
  1534 | D:2      | Reached ** piety under Zin
  1619 | D:2      | Reached XP level 4. HP: 35/37 MP: 4/4
  1646 | D:2      | Found Bihoh Vethoe's Antique Weapon Emporium.
  2012 | D:3      | Noticed Jessica
  2014 | D:3      | Killed Jessica
  2015 | D:3      | Reached skill level 1 in Invocations
  2015 | D:3      | Reached XP level 5. HP: 43/43 MP: 5/5
  2503 | D:3      | Noticed Robin
  2526 | D:3      | Killed Robin
  3064 | D:4      | HP: 1/43 [orc priest/nerve-wracking pain (14)]
  3065 | D:4      | Killed from afar by an orc priest

Illustrated notes

Levels and vault maps discovered:
D:1:      dpeg_arrival_tiny_h, layout_loops_corners,
          ebering_ecumenical_altar_webs, minmay_liquid_box
D:2:      layout_loops_ring, serial_shops, shop_fountains
D:3:      layout_loops_ring, uniq_robin, uniq_jessica
D:4:      layout_gridville, minmay_misc_feat_tower

Skill      XL: |  1  2  3  4 |
---------------+-------------+-----
Shields        | 4 |  4.5
Fighting       | 4 |  4.7
Staves         | 3 |  3.5
Invocations    | 1 |  1.3
Armour         | |  3.2

Action                   |  1- 3 |  4- 6 || total
-------------------------+-------+-------++-------
Melee: Quarterstaff      |    87 |   111 ||   198
Invok: Donate Gold       |     1 |       ||     1
       Vitalisation      |       |     1 ||     1
  Use: Scroll            |       |     4 ||     4
Armor: Scale mail        |    44 |    63 ||   107
Dodge: Dodged            |    46 |    55 ||   101
Block: Buckler           |    24 |    28 ||    52

Table legend: (Time is in decaauts)
 A = Elapsed time spent in this place.
 B = Non-inter-level travel time spent in this place.
 C = Inter-level travel time spent in this place.
 D = Time resting spent in this place.
 E = Time spent auto-exploring this place.
 F = Levels seen in this place.
 G = Mean time per level.
                   A        B        C        D        E       F      G
               +--------+--------+--------+--------+--------+-----+--------+
         Total |   3104 |   3039 |     65 |    453 |   2058 |   4 |  776.0 |
       Dungeon |   3104 |   3039 |     65 |    453 |   2058 |   4 |  776.0 |
               +--------+--------+--------+--------+--------+-----+--------+

Top non-repeatable levels by time:
     D:3: 1167 daAuts
     D:1: 1147 daAuts
     D:2: 625 daAuts
     D:4: 163 daAuts
